 Dungeon Sprint DCSS version 0.27-a0-1291-geefcff550b (webtiles) character file.

Game seed: 4983468677406088243

7830 mhtbhm the Severer (level 11, -1/110 HPs)
             Began as a Deep Dwarf Fighter on June 15, 2021.
             Was the Champion of Makhleb.
             Slain by a death cob (13 damage)
             ... in the Dungeon (Sprint VII: "The Pits").
             The game lasted 00:05:39 (1050 turns).

mhtbhm the Severer (Deep Dwarf Fighter)             Turns: 1050, Time: 00:05:40

Health: -1/110     AC: 28    Str: 24    XL:     11   Next: 1%
Magic:  10/10      EV: 11    Int:  8    God:    Makhleb [******]
Gold:   0          SH: 14    Dex: 12    Spells: 10/10 levels left

rFire    . . .     SeeInvis .   a - +2 war axe (freeze)
rCold    . . .     Faith    .   c - +0 kite shield
rNeg     . . .     Spirit   .   b - +4 chain mail
rPois    .         Reflect  .   t - +1 hat
rElec    .         Harm     .   n - +2 cloak {Stlth+}
rCorr    .         Rampage  .   (no gloves)
Will     +....     NoTele   +   s - +0 pair of boots
Stlth    ..........             (no amulet)
HPRegen  0.00/turn              o - +3 ring of protection
MPRegen  0.12/turn              p - +3 ring of protection

@: hasted and slowed
A: damage resistance, heal wounds, sense surroundings 2, no regeneration
a: Heal Wounds, Renounce Religion, Minor Destruction, Lesser Servant of Makhleb,
Major Destruction, Greater Servant of Makhleb


You were in the Dungeon.
You worshipped Makhleb.
Makhleb was exalted by your worship.
You visited 1 branch

Inventory:

Hand Weapons
 a - a +2 war axe of freezing (weapon)
Armour
 b - a +4 chain mail (worn)
 c - a +0 kite shield (worn)
 n - a +2 cloak of stealth (worn)
 s - a +0 pair of boots (worn)
 t - a +1 hat (worn)
Jewellery
 o - a +3 ring of protection (left hand)
 p - a +3 ring of protection (right hand)
Scrolls
 j - a scroll of blinking
 l - 5 scrolls of amnesia
 m - a scroll of summoning
Potions
 d - 2 potions of might
 e - 7 potions of curing
 g - 2 potions of haste
 h - 4 potions of magic
 i - 3 potions of berserk rage
 k - 2 potions of invisibility
 q - 3 potions of brilliance
 r - a potion of mutation


   Skills:
 + Level 10.5 Fighting
 + Level 16.6 Axes
 + Level 12.7 Armour
 + Level 6.7 Dodging
 + Level 3.2 Stealth
 + Level 14.2 Shields
 + Level 2.4 Invocations


You had 10 spell levels left.
You didn't know any spells.
Your spell library was empty.

Dungeon Overview and Level Annotations

Branches:
Dungeon (1/1)

Altars:
Ashenzari
Cheibriados
Dithmenos
Elyvilon
Fedhas
Gozag
Hepliaklqana
Kikubaaqudgha
Makhleb
Nemelex Xobeh
Okawaru
Qazlal
Ru
Sif Muna
Trog
Uskayaw
Vehumet
Wu Jian
Xom
Yredelemnul
Zin
The Shining One
Beogh
Jiyva
Lugonu

Annotations:
D Grinder


Innate Abilities, Weirdness & Mutations

You are resistant to damage.
You can heal yourself by infusing magical energy.
You passively map the area around you.
You do not regenerate.


Message History

The death cob closely misses you.
Your neqoxec hits the yak. You block the yak's attack. x2
Unknown command.
You barely miss the death cob.
Your shield and chain mail prevent you from hitting the yak.
You barely miss the yak. You barely miss the hobgoblin.
You block the death cob's attack.
The death cob hits you but does no damage.
Your neqoxec hits the yak! The yak closely misses you.
The hobgoblin misses you.
Unknown command.
You hit the death cob but do no damage. You hit the yak. You freeze the yak.
You hit the yak but do no damage. You slash the hobgoblin!
You freeze the hobgoblin.
You kill the hobgoblin!
Makhleb accepts your kill.
You feel better. The death cob hits you!!
* * * LOW HITPOINT WARNING * * *
The death cob drains your vigour!
You feel as though you will be slow longer.
The yak gores you but does no damage. The death cob hits you!
* * * LOW HITPOINT WARNING * * *
The death cob drains your vigour!
You feel as though you will be slow longer.
You barely miss the death cob. You slash the yak! You freeze the yak.
You slash the yak! You freeze the yak. You block the death cob's attack.
Your neqoxec hits the yak. The yak gores your neqoxec!
You block the yak's attack. You block the death cob's attack.
Unknown command.
Unknown command.
Unknown command.
You hit the death cob but do no damage. You hit the yak but do no damage. x2
The death cob closely misses you.
Your neqoxec hits the yak! The yak gores your neqoxec!
You block the yak's attack.
Unknown command.
Unknown command.
You miss the death cob. You hit the yak. You freeze the yak.
You barely miss the yak. You block the death cob's attack.
The death cob hits you!
You die...

.........''..######### *
+* ..#......##..†).......
, .........##........... ,
* , ##''##################
* * * ##''#####
###########** ** ##......#
#.........# , ##......#
#.......# *,, , ###....##
####3.†####* * * # ##''##
###..+Y@z'.w# ,
###....###....##Y##.....#*
, ,
##...)..#.†..##YYD##..5.#
,, ##......'....'†....'
...' ,,
##......#....##...##.D..#
, , ###.†..###....##+##
..5# ,, # ##')## ###..+ ,
#.h , , # #....# #### **
##......# *, , ,* , *


You could see a death cob, Grinder, 3 yaks, an acid dragon, an ice beast, a worm
and a friendly neqoxec (summoned).

Vanquished Creatures
  Gastronok (D)
  Josephine (D)
  An orc knight (D)
  A flayed ghost (D)
  2 deep elf zephyrmancers (D)
  2 elephants (D)
  A smoke demon (D)
  A komodo dragon (D)
  A merfolk (D)
  A redback (D)
  A fire bat (D)
  3 yaks (D)
  3 wraiths (D)
  4 hell hounds (D)
  A floating eye (D)
  An orc warrior (D)
  2 centaurs (D)
  A phantom (D)
  A gnoll sergeant (D)
  A scorpion (D)
  A hound (D)
  A jelly (D)
  A quasit (D)
  An iron imp (D)
  Crazy Yiuf (D)
  An orc wizard (D)
  A mummy (D)
  2 adders (D)
  8 gnolls (D)
  A river rat (D)
  An orc (D)
  A bat zombie (D)
  An endoplasm (D)
  A giant cockroach (D)
  2 goblins (D)
  2 hobgoblins (D)
  5 jackals (D)
  A quokka (D)
  A kobold (D)
63 creatures vanquished.

Vanquished Creatures (collateral kills)
  A mummy (D)
1 creature vanquished.

Grand Total: 64 creatures vanquished

Notes
Turn   | Place    | Note
-------+----------+-------------------------------------------
     0 | D        | mhtbhm the Deep Dwarf Fighter began the quest for the Orb.
     0 | D        | Reached XP level 1. HP: 20/20 MP: 1/1
    21 | D        | Found a bloodstained altar of Trog.
    21 | D        | Found a shimmering blue altar of Sif Muna.
    21 | D        | Found a viscous altar of Jiyva.
    21 | D        | Found a hazy altar of Hepliaklqana.
    21 | D        | Found an opulent altar of Gozag.
    22 | D        | Found a glowing golden altar of the Shining One.
    22 | D        | Found a glowing silver altar of Zin.
    22 | D        | Found a basalt altar of Yredelemnul.
    22 | D        | Found a shimmering altar of Xom.
    22 | D        | Found an ornate altar of the Wu Jian Council.
    22 | D        | Found a sacrificial altar of Ru.
    22 | D        | Found a stormy altar of Qazlal.
    22 | D        | Found an iron altar of Okawaru.
    22 | D        | Found a sparkling altar of Nemelex Xobeh.
    22 | D        | Found a burning altar of Makhleb.
    22 | D        | Found a blossoming altar of Fedhas.
    22 | D        | Found a white marble altar of Elyvilon.
    22 | D        | Found a shadowy altar of Dithmenos.
    22 | D        | Found a snail-covered altar of Cheibriados.
    24 | D        | Found a radiant altar of Vehumet.
    24 | D        | Found a corrupted altar of Lugonu.
    25 | D        | Found a hide-covered altar of Uskayaw.
    25 | D        | Found an ancient bone altar of Kikubaaqudgha.
    25 | D        | Found a broken altar of Ashenzari.
    32 | D        | Became a worshipper of Makhleb the Destroyer
    77 | D        | Reached XP level 2. HP: 25/28 MP: 2/2
   187 | D        | Reached * piety under Makhleb
   207 | D        | Reached ** piety under Makhleb
   208 | D        | Reached skill level 3 in Axes
   217 | D        | Noticed a scorpion
   232 | D        | Killed a scorpion
   233 | D        | Reached skill level 4 in Axes
   233 | D        | Reached skill level 5 in Armour
   233 | D        | Reached skill level 5 in Shields
   233 | D        | Reached XP level 3. HP: 12/38 MP: 3/3
   233 | D        | Reached XP level 4. HP: 15/45 MP: 4/4
   244 | D        | Noticed a phantom
   251 | D        | Reached skill level 5 in Fighting
   273 | D        | Killed a phantom
   273 | D        | Reached *** piety under Makhleb
   274 | D        | Reached skill level 6 in Axes
   274 | D        | Reached skill level 1 in Dodging
   274 | D        | Reached XP level 5. HP: 6/52 MP: 5/5
   345 | D        | Noticed an orc warrior
   346 | D        | Noticed a fire bat
   349 | D        | Noticed a floating eye
   351 | D        | Paralysed by a floating eye for 2 turns
   369 | D        | Killed a fire bat
   370 | D        | Reached skill level 7 in Axes
   370 | D        | Reached XP level 6. HP: 39/62 MP: 6/6
   396 | D        | Killed an orc warrior
   397 | D        | Reached skill level 8 in Axes
   398 | D        | Reached **** piety under Makhleb
   427 | D        | Reached XP level 7. HP: 46/70 MP: 7/7
   445 | D        | Reached skill level 9 in Axes
   448 | D        | Reached ***** piety under Makhleb
   523 | D        | Paralysed by a floating eye for 3 turns
   555 | D        | Noticed an orc knight
   575 | D        | HP: 2/70 [orc knight (13)]
   581 | D        | Killed an orc knight
   582 | D        | Reached skill level 10 in Axes
   582 | D        | Reached skill level 10 in Armour
   582 | D        | Reached skill level 1 in Stealth
   582 | D        | Reached skill level 10 in Shields
   582 | D        | Reached skill level 1 in Invocations
   582 | D        | Reached XP level 8. HP: 36/80 MP: 8/8
   584 | D        | Noticed Crazy Yiuf
   621 | D        | Killed Crazy Yiuf
   641 | D        | Noticed a deep elf zephyrmancer
   648 | D        | Reached ****** piety under Makhleb
   656 | D        | Killed a deep elf zephyrmancer
   657 | D        | Reached skill level 11 in Axes
   799 | D        | Noticed a merfolk
   809 | D        | Killed a merfolk
   810 | D        | Gained mutation: You passively map the area around you.
                  | [Deep Dwarf growth]
   810 | D        | Reached XP level 9. HP: 86/88 MP: 8/8
   830 | D        | Noticed an elephant
   830 | D        | Noticed a deep elf zephyrmancer
   837 | D        | Killed a deep elf zephyrmancer
   838 | D        | Reached skill level 12 in Axes
   844 | D        | Killed an elephant
   845 | D        | Reached skill level 13 in Axes
   849 | D        | Noticed a smoke demon
   849 | D        | Noticed Josephine
   849 | D        | Noticed an elephant
   858 | D        | Killed a smoke demon
   865 | D        | Killed Josephine
   866 | D        | Reached skill level 14 in Axes
   866 | D        | Reached skill level 5 in Dodging
   871 | D        | Reached XP level 10. HP: 34/99 MP: 9/9
   874 | D        | Killed an elephant
   893 | D        | Noticed a flayed ghost
   902 | D        | Killed a flayed ghost
   903 | D        | Reached skill level 15 in Axes
   926 | D        | Noticed Gastronok
   952 | D        | Killed Gastronok
   953 | D        | Reached skill level 10 in Fighting
   953 | D        | Reached skill level 16 in Axes
   972 | D        | Noticed a death cob
  1036 | D        | Noticed Grinder
  1040 | D        | Reached XP level 11. HP: 43/110 MP: 10/10
  1050 | D        | Slain by a death cob

Illustrated notes

Levels and vault maps discovered:
D:        pitsprint [storerooms_1, entrance_room_1, metal_vault_2, armoury_2,
          mini_pit_1, grid_room_1, main_hall_1, silver_pit, the_coven_3,
          the_vestibule_1, steel_vault_5, golden_pit, hallway_of_sentries,
          crystal_vault_6, iron_vault_4, final_vault]

Skill      XL: |  1  2  3  4  5  6  7  8  9 10 |
---------------+-------------------------------+-----
Fighting       | 3 4 5 6 7 9 10 | 10.5
Armour         | 4 5 6 8 9 10 11 12 | 12.7
Shields        | 4 5 6 7 8 10 11 12 14 | 14.2
Axes           | 4 6 7 8 10 11 14 16 | 16.6
Dodging        | 1 2 3 4 5 6 |  6.7
Stealth        | 1 2 3 |  3.2
Invocations    | 1 2 |  2.4

Action                   |  1- 3 |  4- 6 |  7- 9 | 10-12 || total
-------------------------+-------+-------+-------+-------++-------
Melee: War axe           |     4 |       |    38 |    94 ||   136
       Hand axe          |    41 |    89 |   101 |       ||   231
Invok: Lesser Servant of |       |       |     1 |     1 ||     2
 Abil: Heal Wounds       |     1 |     1 |     2 |       ||     4
  Use: Potion            |       |     3 |     1 |     3 ||     7
 Stab: Distracted        |       |       |     1 |       ||     1
Armor: Scale mail        |    15 |    10 |       |       ||    25
       Chain mail        |       |    36 |    51 |    38 ||   125
Dodge: Dodged            |    14 |    25 |    31 |    31 ||   101
Block: Kite shield       |    26 |    54 |    69 |    46 ||   195

Table legend: (Time is in decaauts)
 A = Elapsed time spent in this place.
 B = Non-inter-level travel time spent in this place.
 C = Inter-level travel time spent in this place.
 D = Time resting spent in this place.
 E = Time spent auto-exploring this place.
 F = Levels seen in this place.
 G = Mean time per level.
                   A        B        C        D        E       F      G
               +--------+--------+--------+--------+--------+-----+--------+
         Total |   1047 |   1047 |      0 |    197 |     31 |   1 | 1047.0 |
       Dungeon |   1047 |   1047 |      0 |    197 |     31 |   1 | 1047.0 |
               +--------+--------+--------+--------+--------+-----+--------+

Top non-repeatable levels by time:
       D: 1047 daAuts
